← All builds
Front / Armada / Economy first / OBSERVED BUILD

Standard front

Standard economy-first Front play: Bot Lab and Vehicle Plant almost immediately, Advanced Metal Extractor around 9 minutes, with a mixed T1 army of Blitz, Rocketeer, Pawn and Janus sent to hold the wider gap and then middle.

#eco · 935 distinct matches · 127 players · 75% of Armada Front games · team won 63% of 1063 · Recently observed

HOW TO PLAY IT

Key timing: Vehicle Plant by 0:47

  1. Open 3 mex then Bot Lab and Vehicle Plant almost together.
  2. Layer wind while both labs start producing.
  3. Send early units to coast first to stop leaks, not middle.
  4. Add Construction Turrets as "Blitz", "Rocketeer", "Janus" mix builds up.
  5. Transition into Advanced Metal Extractor once T2 con is out.

Phase by phase

TYPICAL OF ITS 935 GAMES
  1. 1
  2. 2
  3. 3
PLAY THE OPENING

Follow the example game's first 6:00 step by step: what to build now, what comes next, and where it goes. At 1× it keeps pace with your own game.

  1. 1

    Up to the Bot Lab

    Economy
    • Metal Extractor2Mex
    • Wind Turbine1Wind
    Order
    1. Bot LabBot Lab after 3 mex, 1 winddone ~0:45, middle half 0:35–8:30

    Some games also: Vehicle Plant (41%)

    By 0:28 in all: 2 mex · 1 wind

    The example game in this phase · 74 steps
    1. Mex ×2
    2. Solar
    3. Vehicle PlantVehicle Plantdone 0:44 · typical 0:47
    4. RoverScout
    5. Mex
    6. RoverScout
    7. Wind
    8. Construction VehicleCon vehicle
    9. BlitzBlitz ×3
    10. Mex
    11. Construction VehicleCon vehicle
    12. BlitzBlitz ×2
    13. Mex
    14. BlitzBlitz
    15. Construction VehicleCon vehicle
    16. BlitzBlitz
    17. Mex
    18. BlitzBlitz ×4
    19. BlitzBlitzfor Pond
    20. BlitzBlitz ×2
    21. SentrySentry
    22. BlitzBlitz
    23. Wind
    24. Mex
    25. Wind
    26. BlitzBlitz ×6
    27. Con turret
    28. Dragon's TeethDragon's Teeth ×4
    29. BlitzBlitz
    30. Dragon's TeethDragon's Teeth
    31. BeamerBeamer
    32. Dragon's TeethDragon's Teeth ×4
    33. BlitzBlitz ×2
    34. BeamerBeamer
    35. Construction VehicleCon vehicle
    36. BlitzBlitz ×9
    37. Wind
    38. BlitzBlitz
    39. Wind
    40. BlitzBlitz
    41. Wind
    42. BlitzBlitz
    43. NettleNettle
    44. Wind
    45. BlitzBlitz
    46. NettleNettle
    47. Wind
    48. BlitzBlitz
    49. Wind
    50. BlitzBlitz
    51. Con turret
    52. Wind
    53. WhistlerMissile truck
    54. Construction VehicleCon vehicle
    55. Wind
    56. Construction VehicleCon vehicle
    57. Wind ×2
    58. Construction VehicleCon vehicle
    59. Wind ×2
    60. Metal storage
    61. Wind
    62. Energy storage
    63. BlitzBlitz ×3
    64. Mex
    65. BlitzBlitz
    66. Con turret
    67. BlitzBlitz ×3
    68. Mex
    69. BlitzBlitz ×4
    70. Twilight
    71. BlitzBlitz ×18
    72. Construction VehicleCon vehicle ×12
    73. Dragon's TeethDragon's Teeth ×27
    74. Bot LabBot Labdone 14:47 · typical 0:45
  2. 2

    Bot Lab to 5:00

    Economy
    • Metal Extractor4Mex
    • Wind Turbine3Wind
    Army
    • Sentry1 Sentry

    Some games also: rocketeer (46%) · con bot (45%) · Lazarus (44%) · tick (40%) · centurion (37%)

    By 5:00 in all: 6 mex · 7 wind

  3. 3

    5:00 to 10:00

    Economy
    • Metal Extractor1Mex
    • Wind Turbine14Wind
    Builders
    • Construction Turret2 Con turret
    Army
    • Sentry1 Sentry

    Some games also: energy storage (46%) · blitz (39%) · rocketeer (39%) · pawn (36%) · Lazarus (35%)

    By 10:00 in all: 7 mex · 25 wind · 1 energy storage · 3 con turret

    The example game in this phase · 4 steps
    1. Dragon's TeethDragon's Teeth ×3
    2. Construction BotCon bot ×2
    3. Dragon's TeethDragon's Teeth
    4. Construction BotCon bot

Counts are medians over the build's games: half of them build more, half fewer. The example game is Leohvm's (51 OS, 22/09/2026); pick another.

Team trades

IN AT LEAST 30% OF ITS GAMES

You hand over

Nothing regular.

You get

  • Tidal Generator4 Tidal from Pondfirst at 0:18 · in 68% of games
  • Advanced Construction Bot1 T2 con bot from Geo or Techfirst at 7:17 · in 67% of games

How it plays out

Typical game of this build, running totals by minute

Metal produced

010k20k30k
0:005:0010:0015:00

metal

Enemy metal destroyed

05k10k
0:005:0010:0015:00

metal

Own metal lost

05k10k
0:005:0010:0015:00

metal

1063 games.

Show as table
ByMetal produced: This buildEnemy metal destroyed: This buildOwn metal lost: This build
1:0033300
2:008462131
3:001624140105
4:002712540333
5:0038681188813
6:00507620991526
7:00631429842459
8:00766238713365
9:00908746324312
10:001066653085060
11:001260858195701
12:001481563136521
13:001744069817256
14:002018375848093
15:002263083948939
WHAT THE NUMBERS SAY

Standard Front play wins more often than suicide front and produces more metal by 15:00, reflecting its safer positioning.

  • + Metal produced reaches 22219 by 15:00, above suicide front's 19882
  • + Own losses of 8949 stay under enemy metal destroyed's near-equal 8347
  • − First unit lost by 1:44 shows exposure even from the safer side
  • − Wider gap to defend demands disciplined coast-then-mid unit movement
THE EXAMPLE YOU ARE READING

Leohvm

50.9 OS · 22/09/2026

Open source match ↗

7 received units · includes a constructor
15 metal received · 7315 energy received

Allied construction assistance is unknown. Timings are observations, not a promise of solo reproducibility.

Typical milestones

Bot Lab0:45Middle 50%: 0:35–8:30 · n=670
Vehicle Plant0:47Middle 50%: 0:37–0:59 · n=753
Advanced Metal Extractor8:52Middle 50%: 8:00–10:03 · n=845

Played most by

Hummell91games of this buildhaaven82games of this buildLeohvm79games of this buildXad62games of this buildImmort36games of this build